 Dungeon Crawl Stone Soup version 0.26-a0-259-g1effd001a9 (webtiles) character file.

Game seed: 15432415760382653795

34 Esekla the Stinger (level 3, -2/27 HPs)
             Began as a Formicid Venom Mage on July 13, 2020.
             Slain by a black bear (6 damage)
             ... on level 1 of the Dungeon.
             The game lasted 00:09:45 (1347 turns).

Esekla the Stinger (Formicid Venom Mage)            Turns: 1347, Time: 00:09:46

Health: -2/27      AC:  3    Str: 12    XL:     3   Next: 50%
Magic:  1/7        EV: 12    Int: 15    God:
Gold:   52         SH:  0    Dex: 11    Spells: 1/7 levels left

rFire    . . .     SeeInvis +   j - +0 short sword
rCold    . . .     Faith    .   (no shield)
rNeg     . . .     Spirit   .   a - +0 robe
rPois    +         Reflect  .   (helmet unavailable)
rElec    .         Harm     .   f - +0 cloak
rCorr    .                      (no gloves)
MR       .....                  (no boots)
Stlth    ++........             (no amulet)
HPRegen  0.09/turn              b - ring of poison resistance
MPRegen  0.10/turn              (no ring)

@: no status effects
A: permanent stasis, dig shafts and tunnels, four strong arms, antennae 3
a: Dig, Shaft Self


You were on level 1 of the Dungeon.
You were not hungry.

You visited 1 branch of the dungeon, and saw 2 of its levels.

You collected 52 gold pieces.

Inventory:

Hand Weapons
 e - a +0 whip of electrocution
 j - a +0 short sword (weapon)
Armour
 a - a +0 robe (worn)
 f - a +0 cloak (worn)
Jewellery
 b - a ring of poison resistance (left hand)
Wands
 r - a wand of flame (11)
Scrolls
 d - a scroll of magic mapping {unknown}
 h - a scroll of blinking {unknown}
 i - 2 scrolls of remove curse {unknown}
 k - a scroll of noise {unknown}
 l - a scroll of fear {unknown}
 n - a scroll of identify {unknown}
 p - 2 scrolls of teleportation {unknown}
Potions
 g - a potion of resistance {unknown}
 m - a potion of lignification {unknown}
 o - a potion of degeneration {unknown}
 q - a potion of heal wounds {unknown}
Comestibles
 c - 7 rations


   Skills:
 * Level 1.7 Fighting
 + Level 1.9 Dodging
 + Level 2.5 Stealth
 * Level 2.7 Spellcasting
 - Level 1.1 Transmutations
 * Level 0.1 Air Magic
 - Level 4.3 Poison Magic


You had one spell level left.
You knew the following spells:

 Your Spells              Type           Power        Failure   Level
a - Sting                 Tmut/Pois      ##..         7%          1
b - Poisonous Vapours     Pois/Air       #.....       12%         2
c - Mephitic Cloud        Conj/Pois/Air  #.......     32%         3

Your spell library contained the following spells:

 Spells                   Type           Power        Failure   Level
 Ignite Poison            Fire/Tmut/Pois #.......     28%         3
 Olgreb's Toxic Radiance  Pois           ###.....     34%         4


Dungeon Overview and Level Annotations

Branches:
Dungeon (2/15)

Altars:


Innate Abilities, Weirdness & Mutations

You cannot be hasted, slowed, berserked, paralysed or teleported.
You can dig through walls and to a lower floor.
Your four strong arms can wield two-handed weapons with a shield.
You have a pair of large antennae on your head. (SInv)


Message History

Aiming: Poisonous Vapours (safe; 12% risk of failure)
Press: ? - help, Dir - move target cursor, f/p - black bear
Aim: a black bear (moderately wounded, poisoned) Poisonous vapours surround the black bear!
The black bear is engulfed in poison gas.
The black bear looks even sicker.
The black bear bites you. The black bear barely misses you.
The black bear claws you.
Casting: Poisonous Vapours (safe; 12% risk of failure)
Confirm with . or Enter, or press ? or * to list all spells.
Aiming: Poisonous Vapours (safe; 12% risk of failure)
Press: ? - help, Dir - move target cursor, f/p - black bear
Aim: a black bear (heavily wounded, very poisoned) Poisonous vapours surround the black bear!
The black bear looks even sicker.
The black bear bites you. The black bear claws you. x2
* * * LOW HITPOINT WARNING * * *
You hit the black bear but do no damage.
The black bear is heavily wounded.
The black bear bites you.
You die...

####.##.######.♣P..♣♣..#.#
#.# #.##.######♣♣♣...♣♣.#.#
#.# #.........♣♣.PP.....#.#
#.# ###....##...♣P....♣♣#.#
#)# ##'##....♣P.♣.PP.♣ #.#
#.# ###...#.###♣P...P♣P♣ #.#
#.# #.+.<.'.# #♣...♣..♣ #.#
#.# #.#...### #♣♣.P..♣ #.#
#.# #.###########@#♣P.♣###.#
#.# #......>....h.###.#....#
#.#
##.#####..#.#####....#####.#
#####.#
#.###.......#.......#
......#
#..#.######...#######
#####.# #............##
#.#####..###########
#...)....# ######.#.##


You could see a black bear (very poisoned).

Vanquished Creatures
  2 dart slugs (D:1)
  6 bats (D:1)
  2 giant cockroaches (D:1)
  5 goblins (D:1)
  2 hobgoblins (D:1)
  A frilled lizard (D:1)
  6 kobolds (D:1)
  6 rats
30 creatures vanquished.

Notes
Turn   | Place    | Note
-------+----------+-------------------------------------------
     0 | D:1      | Esekla the Formicid Venom Mage began the quest for the Orb.
     0 | D:1      | Reached XP level 1. HP: 13/13 MP: 3/3
   103 | D:1      | Reached XP level 2. HP: 10/20 MP: 3/5
   108 | D:1      | Reached skill level 1 in Fighting
   158 | D:1      | Learned a level 2 spell: Poisonous Vapours
   547 | D:1      | Reached XP level 3. HP: 26/26 MP: 1/6
   552 | D:1      | Learned a level 3 spell: Mephitic Cloud
  1329 | D:2      | Noticed a black bear
  1347 | D:1      | Slain by a black bear

Illustrated notes

Levels and vault maps discovered:
D:1:      dpeg_arrival_tiny_g, layout_loops_ring, serial_forest,
          infiniplex_forest_clump_large, infiniplex_forest_3_way,
          infiniplex_forest_lined_2, infiniplex_forest_straight_4,
          infiniplex_forest_clump_diagonal, infiniplex_forest_clump_tiny,
          infiniplex_forest_lined_room_, minmay_tree_intersection
D:2:      layout_basic, first_ration, minmay_pentomino_w4, uniq_jessica

Skill      XL: |  1  2 |
---------------+-------+-----
Fighting       | 1 |  1.7
Dodging        | |  1.9
Stealth        | |  2.5
Spellcasting   | |  2.7
Transmutations | |  1.1
Air Magic      | |  0.1
Poison Magic   | |  4.3

Action                   || total
-------------------------++-------
Melee: Unarmed           ||    15
       Whip              ||    17
       Short sword       ||    11
 Cast: Sting             ||     8
       Poisonous Vapours ||    23
  Eat: Ration            ||     1
Armor: Robe              ||    22
Dodge: Dodged            ||    64

Table legend:
 A = Non-vault XP
 B = Vault XP
 C = Vault XP percentage of total XP
 D = Non-vault monster count
 E = Vault monster count
 F = Vault count percentage of total count
                 A         B        C        D         E       F
            +---------+---------+-------+---------+---------+-------
      Total |      49 |       0 |   0.0 |      30 |       0 |   0.0
            +---------+---------+-------+---------+---------+-------
        D:1 |      48 |       0 |   0.0 |      29 |       0 |   0.0
        D:2 |       1 |       0 |   0.0 |       1 |       0 |   0.0
            +---------+---------+-------+---------+---------+-------
